 Dungeon Crawl Stone Soup version 0.27.0-1-g7a089689b8 (webtiles) character file.

Game seed: 6260810416835739284

593 Alakanar the Magician (level 7, -4/47 HPs)
             Began as a Djinni Fire Elementalist on Aug 4, 2021.
             Slain by a gnoll sergeant (6 damage)
             ... on level 5 of the Dungeon.
             The game lasted 00:35:21 (8894 turns).

Alakanar the Magician (Djinni Fire Elementalist)    Turns: 8894, Time: 00:35:22

Health: -4/47      AC:  5    Str:  7    XL:     7   Next: 67%
Gold:   134        EV: 13    Int: 18    God:
                   SH:  0    Dex: 14

rFire    + + .     SeeInvis .   v - staff of poison
rCold    x . .     Faith    .   (no shield)
rNeg     . . .     Spirit   .   a - +0 robe rPois āˆž Reflect .
                                m - +0 helmet
rElec    .         Harm     .   d - +1 cloak
rCorr    .         Rampage  .   (no gloves)
Will     .....                  (boots unavailable)
Stlth    ++........             (no amulet)
HPRegen  0.15/turn              (no ring)
MPRegen  0.00/turn              (no ring)

@: flying
A: sickness immunity, fire resistance 2, cold vulnerability 1, float, innate
caster, hp casting, extra vitality 1
a: no special abilities


You were on level 5 of the Dungeon.
You visited 1 branch of the dungeon, and saw 5 of its levels.

You collected 134 gold pieces.

Inventory:

Hand Weapons
 c - a -3 spectral club
 n - a +0 short sword
Armour
 a - a +0 robe (worn)
 d - a +1 cloak (worn)
 j - a +0 robe
 l - a +0 animal skin
 m - a +0 helmet (worn)
Magical Staves
 v - a staff of poison (weapon)
Wands
 y - a wand of iceblast (7)
Scrolls
 b - a scroll of silence {unknown}
 k - a scroll of vulnerability {unknown}
 p - a scroll of enchant weapon {unknown}
 q - a scroll of teleportation {unknown}
 s - a scroll of fear {unknown}
 t - a scroll of magic mapping {unknown}
 u - a scroll of blinking {unknown}
 x - 2 scrolls of identify {unknown}
 z - 3 scrolls of amnesia {unknown}
Potions
 e - 5 potions of curing
 f - a potion of heal wounds {unknown}
 g - a potion of degeneration {unknown}
 h - 2 potions of attraction {unknown}
 i - a potion of resistance {unknown}
 o - a potion of lignification {unknown}
 r - a potion of flight {unknown}
 w - a potion of brilliance {unknown}


   Skills:
 + Level 1.1 Fighting
 + Level 3.1 Dodging
 - Level 2.2 Stealth
 + Level 5.9 Spellcasting


You couldn't memorise any spells.
You knew the following spells:

 Your Spells              Type           Power      Damage    Failure   Level
a - Foxfire               Conj/Fire      100%       2x1d9     1%          1
b - Conjure Flame         Conj/Fire      26%        6-21      3%          3
c - Inner Flame           Hex/Fire       26%        N/A       3%          3
d - Sticky Flame          Conj/Fire      26%        2d5       11%         4
e - Fireball              Conj/Fire      13%        3d7       28%         5
f - Animate Skeleton      Necr           52%        N/A       1%          1
g - Ensorcelled Hibernat  Hex/Ice        52%        N/A       1%          2
h - Summon Guardian Gole  Hex/Summ       26%        N/A       3%          3
Your spell library was empty.

Dungeon Overview and Level Annotations

Branches:
Dungeon (5/15)
 Temple: D:4-7

Altars:
Cheibriados
Hepliaklqana
Kikubaaqudgha
Sif Muna
Zin
The Shining One

Shops:
D:3 *   D:5 *


Innate Abilities, Weirdness & Mutations

You are immune to sickness and miasma.
You are immune to poison.
Your flesh is very heat resistant. (rF++)
You are vulnerable to cold. (rC-)
You float through the air rather than walking.
You learn spells naturally, not from books.
Your magical power is your life essence.
You have superior vitality. (+4 HP)


Message History

Your foxfire dissipates!
Casting: Foxfire (safe; 1% risk of failure)
Confirm with . or Enter, or press ? or * to list all spells.
You conjure some foxfire!
* * * LOW HITPOINT WARNING * * *
Your foxfire dissipates!
The foxfire hits the gnoll sergeant but does no damage.
The gnoll sergeant hits you but does no damage.
Casting: Foxfire (safe; 1% risk of failure)
Confirm with . or Enter, or press ? or * to list all spells.
You conjure some foxfire!
The gnoll shouts!
* * * LOW HITPOINT WARNING * * *
The gnoll sergeant barely misses you.
Your foxfire dissipates!
The foxfire hits the gnoll sergeant.
Flame seeps out of the gnoll sergeant.
The gnoll sergeant is lightly wounded.
The gnoll sergeant is engulfed in blazing flames.
Flame seeps out of the gnoll sergeant.
The gnoll hits you from afar with a +0 spear.
* * * LOW HITPOINT WARNING * * *
Casting: Foxfire (safe; 1% risk of failure)
Confirm with . or Enter, or press ? or * to list all spells.
You conjure some foxfire!
* * * LOW HITPOINT WARNING * * *
The gnoll sergeant closely misses you.
A gnoll comes into view. It is wielding a +0 club.
The gnoll misses you.
Your foxfire dissipates!
The foxfire hits the gnoll sergeant but does no damage.
The gnoll sergeant is moderately wounded.
Casting: Foxfire (safe; 1% risk of failure)
Confirm with . or Enter, or press ? or * to list all spells.
Aiming: Ensorcelled Hibernation (safe; 1% risk of failure)
Press: ? - help, Shift-Dir - straight line, f/p - gnoll sergeant
Aim: a gnoll sergeant, wielding a +0 spear and wearing a +0 scale mail (moderately wounded, inner flame, chance to affect: 55%)
The gnoll sergeant resists with significant effort.
* * * LOW HITPOINT WARNING * * *
The gnoll sergeant hits you from afar with a +0 spear.
You die...

#.g#### #.....#
#[###.## #####g# #..#
#.....# ##.# #.....#
#.### #g...## #...##
#.######.gā—‹.#
###..### .......@....#
##...# ######......##
##..[.
#........######8.###
#..........##.......#
#..........#..>.āˆ©.<.#
#..........#........#
#..?...[.....###8..##
#...>......### ##[.#
#........## #.##


You could see a gnoll sergeant (inner flame) and 2 gnolls.

Vanquished Creatures
  2 scorpions
  A centaur zombie (D:5)
  2 bullfrog skeletons
  2 hounds (D:4)
  Ijyb (D:4)
  2 iguanas
  2 hound skeletons (D:4)
  Robin (D:2)
  8 adders
  An ufetubus (D:5)
  2 worms
  6 dart slugs
  5 orcs
  6 endoplasms
  5 giant cockroaches
  18 goblins
  7 hobgoblins
  13 jackals
  3 quokkas
  10 ball pythons
  4 bats
  5 frilled lizards
  5 kobolds
  7 rats
118 creatures vanquished.

Vanquished Creatures (collateral kills)
  An adder (D:2)
1 creature vanquished.

Vanquished Creatures (others)
  316 foxfires
316 creatures vanquished.

Grand Total: 435 creatures vanquished

Notes
Turn   | Place    | Note
-------+----------+-------------------------------------------
     0 | D:1      | Alakanar the Djinni Fire Elementalist began the quest for
                  | the Orb.
     0 | D:1      | Reached XP level 1. HP: 15/15 MP: 0/0
    94 | D:1      | Reached XP level 2. HP: 7/21 MP: 0/0
   379 | D:1      | Found a faded altar of an unknown god.
   496 | D:1      | Reached skill level 3 in Spellcasting
   673 | D:1      | Reached XP level 3. HP: 24/25 MP: 0/0
   673 | D:1      | Learned a level 1 spell: Animate Skeleton
  2035 | D:2      | Reached XP level 4. HP: 26/31 MP: 0/0
  2853 | D:2      | Noticed a scorpion
  3154 | D:2      | Killed a scorpion
  3155 | D:2      | Reached skill level 4 in Spellcasting
  3155 | D:2      | Reached XP level 5. HP: 24/35 MP: 0/0
  3155 | D:2      | Learned a level 2 spell: Ensorcelled Hibernation
  3598 | D:2      | Noticed Robin
  3647 | D:2      | Killed Robin
  3660 | D:2      | Reached XP level 6. HP: 12/40 MP: 0/0
  6244 | D:3      | Found Zin's Purification Station.
  6246 | D:3      | Found a glowing silver altar of Zin.
  6782 | D:4      | Reached skill level 5 in Spellcasting
  7655 | D:4      | Noticed Ijyb
  7657 | D:4      | Found a hazy altar of Hepliaklqana.
  7657 | D:4      | Found a snail-covered altar of Cheibriados.
  7668 | D:4      | Killed Ijyb
  7669 | D:4      | Reached XP level 7. HP: 28/46 MP: 0/0
  7669 | D:4      | Learned a level 3 spell: Summon Guardian Golem
  7896 | D:4      | Found a glowing golden altar of the Shining One.
  8007 | D:4      | Reached skill level 1 in Fighting
  8565 | D:5      | Entered Level 5 of the Dungeon
  8565 | D:5      | Found Xycs's Assorted Antiques.
  8894 | D:5      | Slain by a gnoll sergeant

Illustrated notes

Levels and vault maps discovered:
D:1:      lightli_arrival_noodles, layout_loops_corners,
          ebering_ecumenical_altar_rust, st_stairs_14
D:2:      layout_loops_ring, basic_altar, minmay_snake_closets, uniq_robin
D:3:      layout_loops_ring, zin_purify
D:4:      layout_loops_ring, mainiacjoe_overflow_small_starburst,
          gammafunk_temple_overflow_claw, eino_tiny_chamber, uniq_ijyb
D:5:      layout_rooms, serial_shops, nicolae_stop_n_shop_2

Skill      XL: |  1  2  3  4  5  6  7 |
---------------+----------------------+-----
Spellcasting   | 3 4 5 |  5.9
Stealth        | 2 |  2.2
Fighting       | 1 |  1.1
Dodging        | 3 |  3.1

Action                   |  1- 3 |  4- 6 |  7- 9 || total
-------------------------+-------+-------+-------++-------
Melee: Staff             |       |     2 |     6 ||     8
 Cast: Foxfire           |    91 |   140 |    19 ||   250
       Conjure Flame     |       |    19 |       ||    19
       Inner Flame       |       |    22 |    11 ||    33
       Animate Skeleton  |       |     5 |       ||     5
       Summon Guardian G |       |       |     3 ||     3
       Ensorcelled Hiber |       |       |     2 ||     2
Armor: Robe              |     1 |    23 |    16 ||    40
Dodge: Dodged            |     9 |    63 |    25 ||    97
